 Dungeon Crawl Stone Soup version 0.29.1-15-g9cfb28693d (webtiles) character file.

Game seed: 3672787274968734584

31 archetypered the Slasher (level 3, -2/33 HPs)
             Began as a Minotaur Monk on Feb 28, 2023.
             Slain by Sigmund
             ... wielding a +0 scythe
              (8 damage)
             ... on level 2 of the Dungeon.
             The game lasted 00:04:17 (1223 turns).

archetypered the Slasher (Minotaur Monk)            Turns: 1223, Time: 00:04:17

Health: -2/33      AC:  3    Str: 15    XL:     3   Next: 7%
Magic:  2/2        EV: 12    Int:  9    God:
Gold:   125        SH:  0    Dex: 12    Spells: 2/2 levels left

rFire   . . .      SeeInvis .   a - +0 falchion
rCold   . . .      Faith    .   (no shield)
rNeg    . . .      Spirit   .   l - +0 leather armour
rPois   .          Reflect  .   (helmet restricted)
rElec   .          Harm     .   (no cloak)
rCorr   .          Rampage  .   (no gloves)
Will    .....                   (no boots)
Stlth   ++........              (no amulet)
HPRegen 0.11/turn               (no ring)
MPRegen 0.08/turn               (no ring)

@: no status effects
A: horns 2, retaliatory headbutt
a: no special abilities


You were on level 2 of the Dungeon.
You visited 1 branch of the dungeon, and saw 2 of its levels.

You collected 125 gold pieces.

Inventory:

Hand Weapons
 a - a +0 falchion (weapon)
 e - a +0 falchion of flaming
Missiles
 k - 2 throwing nets (quivered)
Armour
 b - a +0 robe
 f - an orb of guile
 l - a +0 leather armour (worn)
Scrolls
 d - a scroll of teleportation {unknown}
 g - 2 scrolls of poison {unknown}
 h - a scroll of blinking {unknown}
Potions
 c - a potion of ambrosia
 i - a potion of haste {unknown}
 j - 2 potions of flight {unknown}
 m - a potion of resistance {unknown}


   Skills:
 + Level 4.1 Fighting
 + Level 4.2 Long Blades
 + Level 3.7 Dodging
 + Level 1.7 Stealth


You had 2 spell levels left.
You didn't know any spells.
Your spell library was empty.

Dungeon Overview and Level Annotations

Branches:
Dungeon (2/15)

Altars:

Annotations:
D:2 Sigmund


Innate Abilities, Weirdness & Mutations

You have a pair of horns on your head.
You reflexively headbutt those who attack you in melee.


Message History

The adder closely misses you. You furiously retaliate!
You headbutt the adder.
You kill the adder!
You have reached level 3!
Your experience leads to an increase in your attributes!
Increase (S)trength, (I)ntelligence, or (D)exterity?
Uppercase letters only, please.
You feel clever. x2
You feel sick.
You feel sick.
You feel sick.
You feel sick.
You are no longer poisoned.
You see here a +0 short sword.
A ball python comes into view.
The ball python hisses angrily.
Sigmund the Dreaded comes into view.
He is wielding a +0 scythe.
The ball python bites you. The ball python grabs you.
The ball python constricts you.
You hit the ball python.
You kill the ball python!
Sigmund gestures wildly while chanting.
Sigmund flickers and vanishes!
Deactivating autopickup; reactivate with Ctrl-A.
You see here a ball python corpse.
Something barely misses you. Something barely misses you.
You hit something but do no damage. You hit something. Something hits you!
You barely miss something. Something hits you!
* * * LOW HITPOINT WARNING * * *
You miss something. You hit something but do no damage.
You hear some strange, mumbled words.
Something tries to affect you, but you resist.
Something hits you.
* * * LOW HITPOINT WARNING * * *
You barely miss something. Your headbutt misses something. You hit something.
Your headbutt misses something. Something barely misses you.
You miss something. Something hits you!
You die...

#...................
###.####....########
#######.## ####...#
.........# #...#
.........# #.....
.........# #.#.#.[
.......†.# #.#.####
.........# #.#..
......{@.#
.........#
#######.## #.. #..
#.## ... ...


There were no monsters in sight!

Vanquished Creatures
  An adder (D:2)
  5 ball pythons
  2 bats (D:1)
  2 giant cockroaches (D:1)
  3 hobgoblins (D:1)
  A quokka (D:1)
  3 goblins (D:1)
  A kobold (D:1)
  2 rats
20 creatures vanquished.

Notes
Turn   | Place    | Note
-------+----------+-------------------------------------------
     0 | D:1      | archetypered the Minotaur Monk began the quest for the Orb.
     0 | D:1      | Reached XP level 1. HP: 19/19 MP: 0/0
   448 | D:1      | Reached XP level 2. HP: 13/27 MP: 1/1
  1193 | D:2      | Reached XP level 3. HP: 27/33 MP: 2/2
  1210 | D:2      | Noticed Sigmund
  1223 | D:2      | Slain by Sigmund

Illustrated notes

Levels and vault maps discovered:
D:1:      dpeg_arrival_castle, layout_rooms
D:2:      layout_basic, uniq_crazy_yiuf_cottage, uniq_jessica, uniq_sigmund

Skill      XL: |  1  2 |
---------------+-------+-----
Fighting       | 4 |  4.1
Long Blades    | 4 |  4.2
Dodging        | |  3.7
Stealth        | |  1.7

Action                   || total
-------------------------++-------
Melee: Falchion          ||    42
       Headbutt          ||     7
  Use: Scroll            ||     1
 Stab: Sleeping          ||     1
Armor: Robe              ||    14
       Leather armour    ||     2
Dodge: Dodged            ||    49
